 Dungeon Crawl Stone Soup version 0.27.1-34-g3ba077fa99 (webtiles) character file.

Game seed: 7575869582464613857

29 cbfl8 the Sneak (level 3, -1/33 HPs)
             Began as a Minotaur Delver on Jan 22, 2022.
             Slain by a phantom (5 damage)
             ... on level 4 of the Dungeon.
             The game lasted 00:00:21 (41 turns).

cbfl8 the Sneak (Minotaur Delver)                     Turns: 41, Time: 00:00:22

Health: -1/33      AC:  3    Str: 17    XL:     3   Next: 1%
Magic:  2/2        EV: 12    Int:  7    God:
Gold:   0          SH:  0    Dex: 11    Spells: 2/2 levels left

rFire    . . .     SeeInvis .   a - +0 hand axe
rCold    . . .     Faith    .   (no shield)
rNeg     . . .     Spirit   .   b - +0 leather armour
rPois    .         Reflect  .   (helmet restricted)
rElec    .         Harm     .   (no cloak)
rCorr    .         Rampage  .   (no gloves)
Will     .....                  (no boots)
Stlth    ++........             (no amulet)
HPRegen  0.11/turn              (no ring)
MPRegen  0.08/turn              (no ring)

@: no status effects
A: horns 2, retaliatory headbutt
a: no special abilities


You were on level 4 of the Dungeon.
You visited 1 branch of the dungeon, and saw 2 of its levels.

Inventory:

Hand Weapons
 a - a +0 hand axe (weapon)
Armour
 b - a +0 leather armour (worn)
Wands
 g - a wand of digging (3)
 h - a wand of paralysis (6)
Scrolls
 c - a scroll of fog
 d - a scroll of magic mapping
 e - a scroll of fear
 i - a scroll of teleportation {unknown}
Potions
 f - a potion of haste


   Skills:
 + Level 3.9 Fighting
 + Level 2.7 Axes
 + Level 2.3 Dodging
 + Level 4.7 Stealth


You had 2 spell levels left.
You didn't know any spells.
Your spell library was empty.

Dungeon Overview and Level Annotations

Branches:
Dungeon (5/15)
 Temple: D:4-7

Altars:


Innate Abilities, Weirdness & Mutations

You have a pair of horns on your head.
You reflexively headbutt those who attack you in melee.


Message History

The phantom is lightly damaged.
You hit the dart slug. The phantom hits you.
The phantom blinks!
You blink.
The dart slug launches a dart at you. The slug dart misses you.
The phantom misses you. You furiously retaliate!
You headbutt the phantom.
You see here 20 gold pieces.
You completely miss the phantom. You headbutt the phantom.
The phantom is moderately damaged.
The phantom barely misses you.
You miss the phantom. Your headbutt misses the phantom.
The phantom is moderately damaged.
The phantom hits you.
* * * LOW HITPOINT WARNING * * *
The phantom blinks!
You blink.
The dart slug launches a dart at you. The slug dart hits you.
* * * LOW HITPOINT WARNING * * *
Unknown command.
The phantom barely misses you. You furiously retaliate!
You headbutt the phantom.
There is a stone staircase leading up here.
The phantom barely misses you.
You climb upwards.
Found a leather armour and 25 stones.
There is a stone staircase leading down here.
You closely miss the phantom.
The phantom is moderately damaged.
The phantom closely misses you. You furiously retaliate!
You headbutt the phantom, but do no damage.
You barely miss the phantom. Your headbutt misses the phantom.
The phantom is moderately damaged.
The phantom misses you.
You closely miss the phantom.
The phantom is moderately damaged.
The phantom barely misses you.
The phantom hits you but does no damage.
Your leather armour prevents you from hitting the phantom.
The phantom is moderately damaged.
The phantom hits you.
You die...

#.##..........
............#
...........#
#..........#
#...........
#..........
#.#..........
#....@W......
...............
........#.....[
##...##........
..... ... ....#
.... (o......#
.#. .#.. ....
#. .. #...o..


You could see a phantom and 2 orcs.

Vanquished Creatures
  A hound (D:5)
1 creature vanquished.

Notes
Turn   | Place    | Note
-------+----------+-------------------------------------------
     0 | D:5      | cbfl8 the Minotaur Delver began the quest for the Orb.
     0 | D:5      | Reached XP level 1. HP: 19/19 MP: 0/0
    10 | D:5      | Noticed a hound
    14 | D:5      | Noticed a phantom
    23 | D:5      | Killed a hound
    24 | D:5      | Reached XP level 2. HP: 16/27 MP: 1/1
    24 | D:5      | Reached XP level 3. HP: 19/33 MP: 2/2
    41 | D:4      | Slain by a phantom

Illustrated notes

Levels and vault maps discovered:
D:4:      layout_cave_pools, mainiacjoe_overflow_alcove_2,
          minmay_temple_entry_waves, minmay_goblin_outpost, uniq_menkaure
D:5:      layout_cave_pools, mainiacjoe_overflow_catwalk_spiral,
          ebering_ghost_rock_garden, serial_shops, nicolae_diamond_shop,
          serial_bayou_lagoon_b, uniq_eustachio, uniq_ijyb

Action                   || total
-------------------------++-------
Melee: Hand axe          ||    19
       Headbutt          ||     3
Armor: Leather armour    ||     9
Dodge: Dodged            ||    22
